 Dungeon Crawl Stone Soup version 0.29.1-2-gbd0b4ee654 (webtiles) character file.

Game seed: 1392313773085366711

56 DildoBatman the Conjurer (level 4, -9/30 HPs)
             Began as a Formicid Conjurer on Nov 18, 2022.
             Killed by divine providence
             ... invoked by an orc priest
              (12 damage)
             ... on level 8 of the Dungeon.
             The game lasted 00:02:32 (959 turns).

DildoBatman the Conjurer (Formicid Conjurer)         Turns: 959, Time: 00:02:33

Health: -9/30      AC:  2    Str: 12    XL:     4   Next: 15%
Magic:  7/7        EV: 12    Int: 19    God:
Gold:   79         SH:  0    Dex: 12    Spells: 4/7 levels left

rFire   . . .      SeeInvis +   e - +0 sling
rCold   . . .      Faith    .   (no shield)
rNeg    . . .      Spirit   .   a - +0 robe
rPois   .          Reflect  .   (helmet unavailable)
rElec   .          Harm     .   (no cloak)
rCorr   .          Rampage  .   (no gloves)
Will    .....                   (no boots)
Stlth   ++........              (no amulet)
HPRegen 0.10/turn               (no ring)
MPRegen 0.10/turn               (no ring)

@: no status effects
A: permanent stasis, dig shafts and tunnels, antennae 3, four strong arms
a: Dig, Shaft Self


You were on level 8 of the Dungeon.
You visited 1 branch of the dungeon, and saw 6 of its levels.

You collected 79 gold pieces.

Inventory:

Hand Weapons
 c - a +0 whip
 e - a +0 sling (weapon)
Missiles
 f - 17 stones
Armour
 a - a +0 robe (worn)
Scrolls
 g - 4 scrolls of identify {unknown}
 h - a scroll of fear {unknown}
Potions
 b - a potion of magic
 d - 3 potions of curing {unknown}
 i - a potion of ambrosia {unknown}
 j - a potion of brilliance
 k - a potion of attraction {unknown}
 l - a potion of lignification {unknown}


   Skills:
 - Level 1.7 Dodging
 - Level 2.4 Stealth
 - Level 2.1 Spellcasting
 * Level 4.9 Conjurations


You had 4 spell levels left.
You knew the following spells:

 Your Spells              Type           Power      Damage    Failure   Level
a - Searing Ray           Conj           42%        2d6       3%          2
c - Magic Dart            Conj           84%        1d7       2%          1

Your spell library contained the following spells:

 Spells                   Type           Power      Damage    Failure   Level
 Conjure Flame            Conj/Fire      11%        6-21      19%         3
 Dazzling Flash           Conj/Hex       22%        N/A       19%         3
 Ignite Poison            Fire/Tmut/Pois 2%         N/A       45%         3
 Fulminant Prism          Conj/Hex       5%         3d7       52%         4
 Iskenderun's Mystic Bla  Conj/Tloc      11%        2d4       52%         4
 Sticky Flame             Conj/Fire      11%        2d3       52%         4


Dungeon Overview and Level Annotations

Branches:
Dungeon (8/15)
 Temple: D:4-7         Lair: D:8-11

Altars:
Dithmenos

Annotations:
D:2 Sigmund


Innate Abilities, Weirdness & Mutations

You cannot be hasted, slowed, berserked, paralysed or teleported.
You can dig through walls and to a lower floor.
You have a pair of large antennae on your head. (SInv)
Your four strong arms can wield two-handed weapons with a shield.


Message History

The orc wizard gestures at you while chanting.
You resist with some effort. The orc barely misses you.
What are your orders? t - Shout!
Orders for allies: a - Attack new target. r - Retreat! s - Stop attacking. g - Guard the area. f - Follow me.
Anything else - Cancel.
You shout for attention!
The orc hits you with a +0 club.
The orc wizard points at you and mumbles some strange words.
The magic dart hits you! The orc priest misses you.
The orc wizard mumbles some strange words.
The orc wizard flickers and vanishes for a moment.
The gnoll misses you. What are your orders? t - Shout!
Orders for allies: a - Attack new target. r - Retreat! s - Stop attacking. g - Guard the area. f - Follow me.
Anything else - Cancel.
You shout for attention!
The gnoll hits you but does no damage. The orc closely misses you.
What are your orders? t - Shout!
Orders for allies: a - Attack new target. r - Retreat! s - Stop attacking. g - Guard the area. f - Follow me.
Anything else - Cancel.
You shout for attention!
The orc hits you but does no damage. The orc wizard casts a spell at you.
The puff of flame misses you.
The puff of flame hits the gnoll!
The orc priest invokes the aid of Beogh against you.
Beogh smites you!
You die...

.............
##..........o
...........#
##...>.....###
.#.............
.........g..#
.......o...$#
.....o.@..#
.......o.....#
...............
....o..#.......
......# ..#....
...... ..##...
...... .## .>.
...... .. #.


You could see an orc priest, 2 orc wizards, a gnoll (wandering) and 2 orcs.

Vanquished Creatures
  2 adders (D:2)
  A worm (D:2)
  2 dart slugs (D:1)
  3 endoplasms (D:1)
  2 hobgoblins (D:1)
  2 jackals (D:1)
  3 bats
  3 frilled lizards
  5 goblins
  5 kobolds
  3 rats
31 creatures vanquished.

Notes
Turn   | Place    | Note
-------+----------+-------------------------------------------
     0 | D:1      | DildoBatman the Formicid Conjurer began the quest for the
                  | Orb.
     0 | D:1      | Reached XP level 1. HP: 13/13 MP: 3/3
   103 | D:1      | Reached XP level 2. HP: 19/19 MP: 5/5
   107 | D:1      | Reached skill level 4 in Conjurations
   110 | D:1      | Learned a level 2 spell: Searing Ray
   313 | D:1      | Reached XP level 3. HP: 21/24 MP: 3/6
   759 | D:2      | Found a faded altar of an unknown god.
   778 | D:2      | Noticed Sigmund
   887 | D:2      | Reached XP level 4. HP: 21/30 MP: 2/7
   889 | D:2      | You fall into a shaft and drop 1 floor!
   889 | D:3      | Found a shadowy altar of Dithmenos.
   898 | D:3      | You fall into a shaft and drop 1 floor!
   926 | D:4      | You fall into a shaft and drop 2 floors!
   947 | D:6      | You fall into a shaft and drop 2 floors!
   959 | D:8      | Killed from afar by an orc priest

Illustrated notes

Levels and vault maps discovered:
D:1:      shiori_arrival_elements, layout_rooms, chequers_arboretum
D:2:      layout_rooms, serial_shops, shop,
          dreamdust_ecumenical_altar_angels_and_demons, minivault_19,
          uniq_sigmund
D:3:      layout_basic, nicolae_overflow_ecumenical_swirl, old_standard_altar,
          fedhas_ov_isle_minmay
D:4:      layout_layer_cave, kennysheep_orc_sif_temple, elyvilon_altar_4,
          minmay_temple_entry_overgrown, hangedman_decor_lopped,
          serial_bayou_lake_a
D:6:      layout_basic, minmay_statues_item
D:8:      layout_cave_pools, tso_altar, grunt_lair_entry_orc_guard_hut,
          serial_gnoll_camp, gnoll_camp_mini_hut, gnoll_camp_mini_doghouse,
          gnoll_camp_mini_basic, gnoll_camp_mini_basic, minmay_holes

Skill      XL: |  1  2 |
---------------+-------+-----
Conjurations   | 4 |  4.9
Dodging        | |  1.7
Stealth        | |  2.4
Spellcasting   | |  2.1

Action                   |  1- 3 |  4- 6 || total
-------------------------+-------+-------++-------
Melee: Whip              |     1 |       ||     1
 Fire: Sling             |    65 |       ||    65
 Cast: Magic Dart        |    12 |       ||    12
       Searing Ray       |     5 |       ||     5
 Abil: Shaft Self        |       |     4 ||     4
Armor: Robe              |     7 |     2 ||     9
Dodge: Dodged            |    17 |     7 ||    24
